 Seeded DCSS version 0.31-a0-1403-gd128f73 (webtiles) character file.

Game seed: 3897415132402002117 (custom seed)

15296 brinewave the Nimble (level 12, -3/100 HPs)
             Began as a Merfolk Brigand on Dec 24, 2023.
             Was a High Priest of Wu Jian.
             Slain by a five-headed hydra (9 damage)
             ... on level 2 of the Lair of Beasts on Dec 25, 2023.
             The game lasted 01:06:02 (13216 turns).

brinewave the Nimble (Merfolk Brigand)             Turns: 13216, Time: 01:06:03

Health: -3/100     AC: 10    Str: 18    XL:     12   Next: 25%
Magic:  12/12      EV: 22    Int: 11    God:    Wu Jian [*****.]
Gold:   367        SH:  6    Dex: 22    Spells: 11/11 levels left

rFire   . . .        q - +4 dagger (holy)
rCold   + + .        W - +0 buckler
rNeg    + . .        T - +1 leather armour of Sentut {rC+ rN+ SInv}
rPois   .            r - +0 helmet
rElec   .            c - +0 cloak
rCorr   .            v - +2 pair of gloves of Vermicelli {rC+ Dex+3}
SInv    +            L - +0 pair of boots
Will    .....        K - amulet of regeneration
Stlth   +++          b - +4 ring of slaying
HPRegen 1.16/turn    S - +6 ring of strength
MPRegen 0.13/turn

%: no passive effects
@: no status effects
A: (nimble swimmer 2), mertail
a: Renounce Religion, Wall Jump, Serpent's Lash, Heavenly Storm


You were on level 2 of the Lair of Beasts.
You worshipped Wu Jian.
Wu Jian was extremely pleased with you.
You visited 2 branches of the dungeon, and saw 13 of its levels.

You collected 556 gold pieces.
You spent 189 gold pieces at shops.

Inventory:

Hand Weapons
 a - a +0 orcbow
 q - a +4 dagger of holy wrath (weapon)
 Q - a +1 dagger of freezing
 V - a +2 scimitar of flaming
Missiles
 d - 38 poisoned darts (quivered)
 e - 4 curare-tipped darts
 g - a throwing net
 y - 6 boomerangs
Armour
 c - a +0 cloak (worn)
 r - a +0 helmet (worn)
 v - the +2 pair of gloves of Vermicelli (worn) {rC+ Dex+3}
   (You found it on level 3 of the Dungeon)

   Dex+3:     It affects your dexterity (+3).
   rC+:       It protects you from cold.
 L - a +0 pair of boots (worn)
 M - the +2 robe "Giewur" {Dex+3}
   (You found it on level 2 of the Lair of Beasts)

   Dex+3:     It affects your dexterity (+3).
 P - a +1 robe of fire resistance
 T - the +1 leather armour of Sentut (worn) {rC+ rN+ SInv}
   (You bought it in a shop on level 2 of the Dungeon)

   rC+:       It protects you from cold.
   rN+:       It protects you from negative energy.
   SInv:      It lets you see invisible.
 W - a +0 buckler (worn)
Magical Staves
 D - a staff of death
Jewellery
 b - a +4 ring of slaying (left hand)
 j - a ring of resist corrosion
 l - an amulet of faith
 H - an amulet of the acrobat
 K - an amulet of regeneration (around neck)
 S - a +6 ring of strength (right hand)
 Z - a +4 ring of protection
Wands
 i - a wand of paralysis (4)
 o - a wand of mindburst (37)
 C - a wand of quicksilver (15)
 I - a wand of flame (72)
 N - a wand of digging (9)
 Y - a wand of roots (32)
Scrolls
 k - a scroll of torment {unknown}
 m - a scroll of poison
 n - 7 scrolls of teleportation
 p - 2 scrolls of revelation
 u - a scroll of immolation {unknown}
 B - a scroll of silence {unknown}
 O - a scroll of butterflies {unknown}
 R - a scroll of vulnerability {unknown}
Potions
 f - 2 potions of magic {unknown}
 h - 6 potions of curing
 s - a potion of ambrosia {unknown}
 t - 4 potions of might {unknown}
 w - a potion of brilliance {unknown}
 x - 2 potions of degeneration {unknown}
 z - a potion of cancellation {unknown}
 A - 2 potions of lignification
 E - a potion of haste {unknown}
 F - 3 potions of enlightenment
 J - 2 potions of resistance {unknown}
 U - 2 potions of berserk rage {unknown}
 X - 2 potions of heal wounds {unknown}


   Skills:
 + Level 11.6 Fighting
 + Level 12.5 Short Blades
 + Level 5.6 Ranged Weapons
 - Level 2.0 Throwing
 + Level 13.3 Dodging
 - Level 4.3 Stealth
 + Level 4.0 Shields


You had 11 spell levels left.
You didn't know any spells.
Your spell library contained the following spells:

 Spells                   Type           Power      Damage    Failure   Level
 Shock                    Conj/Air       0%         1d3       47%         1
 Swiftness                Air            0%         N/A       85%         3
 Airstrike                Air            0%         2d(0-16)  99%         4


Dungeon Overview and Level Annotations

Branches:
Dungeon (11/15)            Temple (0/1) D:7            Lair (2/5) D:11
 Spider (0/4) Lair:2          Orc (0/2) D:9
  Swamp: Lair:2-3    Shoals: Lair:2-3

Altars:
Ashenzari
Cheibriados
Dithmenos
Fedhas
Hepliaklqana
Kikubaaqudgha
Uskayaw
Wu Jian
Zin

Shops:
D:2 [


Innate Abilities, Weirdness & Mutations

((You are very nimble when in or above water. (Stealth+, EV+, Speed+++)))
Your lower body shifts to a powerful aquatic tail in water.


Message History

The five-headed hydra completely misses you.
The five-headed hydra bites you but does no damage.
The five-headed hydra bites you! x2
You puncture the five-headed hydra!
The five-headed hydra is heavily wounded.
You hit the five-headed hydra.
The five-headed hydra is heavily wounded.
The five-headed hydra bites you. The five-headed hydra misses you.
The five-headed hydra bites you but does no damage.
The five-headed hydra bites you.
* * * LOW HITPOINT WARNING * * *
The five-headed hydra bites you.
* * * LOW HITPOINT WARNING * * *
You hit the five-headed hydra.
The five-headed hydra is heavily wounded.
An adder comes into view.
You barely miss the five-headed hydra.
The five-headed hydra is heavily wounded.
The five-headed hydra bites you but does no damage.
The five-headed hydra closely misses you. x2
You block the five-headed hydra's attack.
The five-headed hydra bites you but does no damage.
The adder hisses angrily.
You puncture the five-headed hydra!
The five-headed hydra is severely wounded.
You hit the five-headed hydra.
The five-headed hydra is severely wounded.
The five-headed hydra barely misses you.
The five-headed hydra bites you but does no damage.
The five-headed hydra bites you.
* * * LOW HITPOINT WARNING * * *
The five-headed hydra closely misses you.
The five-headed hydra bites you!
* * * LOW HITPOINT WARNING * * *
You hit the five-headed hydra.
The five-headed hydra is severely wounded.
You puncture the five-headed hydra!
The five-headed hydra is almost dead.
The five-headed hydra bites you!
You die...

^. >^.......#......P###.###..
... ^^.....#.......P#.#'..#P.
^... ^^....##................
^^^.. #.....................[
#^^...###.....................
##...........)...............
...........÷..................
..............................
.............@.....P####..#...
.#P...........D.....#####...P.
###....PPP#÷÷##....##.......#.
...#...#............#.......##
.....................†.....#
.#..........#..S..........#
...#...#............##.###.##
#................P##†.P###
#.....#.+#P...............


You could see a five-headed hydra and an adder.

Vanquished Creatures
  Erica (D:8)
  A two-headed ogre (D:10)
  2 elephants
  A cane toad (Lair:2)
  An unseen horror (D:8)
  A komodo dragon (D:10)
  2 rime drakes
  A troll (D:10)
  Grinder (D:4)
  5 blink frogs
  3 wyverns
  Sigmund (D:6)
  A wraith (D:8)
  15 yaks
  A steam dragon (D:8)
  A basilisk (Lair:2)
  2 wargs (D:8)
  A redback (Lair:2)
  An acid dragon (D:8)
  Duvessa (D:7)
  3 black bears
  3 orc warriors
  7 water moccasins
  4 ice beasts
  2 sky beasts
  4 ogres
  3 centaurs
  4 phantoms
  3 wolves (Lair:2)
  3 kobold brigands (D:8)
  4 bullfrogs
  3 gnoll sergeants
  7 scorpions
  15 wights
  Dowan (D:7)
  6 killer bees (D:7)
  8 howler monkeys
  2 bombardier beetles (D:5)
  4 hounds
  13 orc priests
  2 gnoll boudas (D:8)
  5 iguanas
  13 orc wizards
  3 sleepcaps
  Robin (D:1)
  11 adders
  19 gnolls
  A shadow imp (D:7)
  2 white imps
  2 ufetubi (D:5)
  2 worms
  A dart slug (D:3)
  51 orcs
  7 endoplasms
  2 giant cockroaches
  15 goblins
  10 hobgoblins
  2 jackals (D:1)
  16 kobolds
  6 quokkas
  11 ball pythons
  2 bats (D:3)
  4 frilled lizards
  2 rats
332 creatures vanquished.

Vanquished Creatures (others)
  An orc (D:9)
1 creature vanquished.

Grand Total: 333 creatures vanquished

Notes
Turn   | Place    | Note
-------+----------+-------------------------------------------
     0 | D:1      | brinewave the Merfolk Brigand began the quest for the Orb.
     0 | D:1      | Reached XP level 1. HP: 16/16 MP: 1/1
   420 | D:1      | Reached skill level 2 in Dodging
   420 | D:1      | Reached XP level 2. HP: 23/23 MP: 2/2
  1029 | D:2      | Reached XP level 3. HP: 17/28 MP: 3/3
  1231 | D:2      | Found Huiluh's Antique Armour Shoppe.
  1302 | D:2      | Reached skill level 3 in Dodging
  1400 | D:2      | Reached XP level 4. HP: 35/35 MP: 4/4
  1445 | D:2      | Noticed Robin
  1678 | D:1      | Killed Robin
  2288 | D:3      | Identified the +2 pair of gloves of Vermicelli {rC+ Dex+3}
  2325 | D:3      | Reached XP level 5. HP: 42/42 MP: 5/5
  2564 | D:2      | Reached skill level 4 in Dodging
  2691 | D:3      | Found a blossoming altar of Fedhas.
  2735 | D:3      | Reached XP level 6. HP: 10/48 MP: 6/6
  3161 | D:4      | Noticed Grinder
  3242 | D:4      | Reached skill level 5 in Short Blades
  3242 | D:4      | Reached skill level 5 in Dodging
  3476 | D:4      | Found an ancient bone altar of Kikubaaqudgha.
  3540 | D:4      | Found an ornate altar of the Wu Jian Council.
  3571 | D:4      | Became a worshipper of the Wu Jian Council
  3677 | D:3      | Reached XP level 7. HP: 35/55 MP: 7/7
  3780 | D:3      | Reached skill level 5 in Fighting
  4198 | D:4      | Paralysed by Grinder for 2 turns
  4204 | D:4      | Paralysed by Grinder for 4 turns
  4246 | D:5      | Entered Level 5 of the Dungeon
  4284 | D:5      | Upgraded the game from 0.31-a0-1393-g8a68c6e to
                  | 0.31-a0-1403-gd128f73
  4381 | D:5      | Reached skill level 6 in Dodging
  4483 | D:5      | Found a shadowy altar of Dithmenos.
  4582 | D:5      | Reached XP level 8. HP: 51/64 MP: 8/8
  4812 | D:5      | Reached skill level 7 in Dodging
  4869 | D:5      | Found a snail-covered altar of Cheibriados.
  5538 | D:6      | Reached skill level 8 in Dodging
  5721 | D:6      | Reached XP level 9. HP: 58/72 MP: 9/9
  5884 | D:5      | Reached * piety under Wu Jian
  5934 | D:6      | Noticed Sigmund
  5976 | D:5      | Reached skill level 9 in Dodging
  6121 | D:5      | You fall into a shaft and drop 2 floors!
  6259 | D:7      | Found a staircase to the Ecumenical Temple.
  6259 | D:7      | Noticed Duvessa
  6260 | D:7      | Noticed Dowan
  6314 | D:7      | Found a broken altar of Ashenzari.
  6454 | D:7      | Found a flagged portal.
  6793 | D:8      | Found a glowing silver altar of Zin.
  6921 | D:8      | Reached skill level 10 in Dodging
  7139 | D:7      | Reached ** piety under Wu Jian
  7253 | D:7      | Reached skill level 1 in Ranged Weapons
  7253 | D:7      | Reached XP level 10. HP: 78/83 MP: 10/10
  7320 | D:7      | Killed Duvessa
  7335 | D:7      | Killed Dowan
  7644 | D:7      | Reached skill level 10 in Short Blades
  8027 | D:4      | Killed Grinder
  8161 | D:6      | Reached skill level 11 in Dodging
  8326 | D:6      | Killed Sigmund
  8713 | D:2      | Bought a faintly glowing leather armour for 189 gold pieces
  8713 | D:2      | Identified the +1 leather armour of Sentut {rC+ rN+ SInv}
                  | (You bought it in a shop on level 2 of the Dungeon)
  9134 | D:8      | Reached *** piety under Wu Jian
  9135 | D:8      | Reached skill level 10 in Fighting
  9558 | D:8      | Noticed Erica
  9559 | D:8      | Killed Erica
  9560 | D:8      | Reached XP level 11. HP: 92/92 MP: 11/11
  9566 | D:8      | Found a hazy altar of Hepliaklqana.
  9689 | D:8      | Reached skill level 12 in Dodging
  9940 | D:9      | Found a staircase to the Orcish Mines.
 10304 | D:9      | Reached **** piety under Wu Jian
 10960 | D:10     | Entered Level 10 of the Dungeon
 11006 | D:10     | Reached skill level 1 in Shields
 11674 | D:10     | Noticed a two-headed ogre
 11683 | D:10     | Killed a two-headed ogre
 11711 | D:10     | Found a hide-covered altar of Uskayaw.
 11942 | D:11     | Found a staircase to the Lair.
 11948 | Lair:1   | Entered Level 1 of the Lair of Beasts
 12270 | Lair:1   | Reached skill level 5 in Ranged Weapons
 12686 | Lair:1   | Reached skill level 13 in Dodging
 12765 | Lair:2   | Reached XP level 12. HP: 100/100 MP: 12/12
 12821 | Lair:2   | Found a hole to the Spider Nest.
 13066 | Lair:2   | Reached ***** piety under Wu Jian
 13106 | Lair:2   | Identified the +2 robe "Giewur" {Dex+3}
 13108 | Lair:2   | Noticed a five-headed hydra
 13214 | Lair:2   | HP: 5/100 [five-headed hydra (13)]
 13216 | Lair:2   | Slain by a five-headed hydra

Illustrated notes

Levels and vault maps discovered:
D:1:      dpeg_arrival_snail, layout_basic
D:2:      layout_rooms, serial_shops, nicolae_shop_waterfront, uniq_robin
D:3:      layout_basic, fedhas_ov_isle_minmay
D:4:      layout_rooms, nzn_wu_jian_contemplation,
          nicolae_overflow_hidden_temple, uniq_grinder
D:5:      layout_loops_cross, mainiacjoe_overflow_surrounded_room,
          cheibrodos_worm_habitat, minmay_stone_trees_medium
D:6:      layout_rooms, minmay_starry_boxes, uniq_sigmund
D:7:      black_bear_nest_2, layout_basic, lemuel_tele_altar,
          minmay_temple_entry_stoned_glass, enter_bailey_8,
          columned_hall_lemuel, uniq_duvessa
D:8:      old_forge, layout_loops_corners, lemuel_doored_altar,
          marbit_many_paths, serial_glass, glass_columns_b, glass_columns_c,
          glass_columns_a, glass_columns_a, kennysheep_generic_room_7,
          uniq_erica
D:9:      layout_rooms, erik_orc_4, serial_bayou_pond_c, st_stairs_7,
          nicolae_twisty_statue_hallways
D:10:     layout_stronghold, nicolae_overflow_crystal_walls,
          hangedman_abyss_or_decor_clamps
D:11:     layout_loops_corners, lair_entry_dummy
Lair:1:   layout_loops_ring
Lair:2:   minmay_lair_venomous_thicket, layout_regular_city,
          spider_nest_entry_webs, infiniplex_staircase_pool_2

Skill      XL: |  1  2  3  4  5  6  7  8  9 10 11 12 |
---------------+-------------------------------------+-----
Dodging        | 2 3 4 5 6 8 10 11 13 | 13.3
Short Blades   | 3 4 5 6 8 9 11 12 | 12.5
Fighting       | 3 4 6 7 9 10 11 | 11.6
Ranged Weapons | 1 3 5 |  5.6
Shields        | 3 4 |  4.0
Throwing       | |  2.0
Stealth        | |  4.3

Action                     |  1- 3 |  4- 6 |  7- 9 | 10-12 || total
---------------------------+-------+-------+-------+-------++-------
  Melee: Dagger            |   116 |   295 |   747 |  1306 ||  2464
         Punch             |       |     5 |    17 |    17 ||    39
  Throw: Dart              |     2 |     5 |    15 |    12 ||    34
         Boomerang         |       |       |     9 |       ||     9
         Throwing net      |       |       |       |     1 ||     1
Ability: Lunge             |       |     3 |    24 |    64 ||    91
         Whirlwind         |       |       |    27 |    97 ||   124
         Wall Jump         |       |       |       |     8 ||     8
    Use: Potion            |       |     1 |     2 |     1 ||     4
         Scroll            |       |       |     4 |    10 ||    14
   Stab: Sleeping          |     5 |    13 |     7 |    11 ||    36
         Distracted        |       |       |     1 |     2 ||     3
         Fleeing           |       |       |       |     1 ||     1
         Held in net/web   |       |       |       |     1 ||     1
 Armour: Robe              |    48 |   145 |   294 |    48 ||   535
         Leather armour    |       |       |       |   330 ||   330
  Dodge: Dodged            |    67 |   188 |   469 |   695 ||  1419
  Block: Buckler           |       |       |       |    76 ||    76

Table legend: (Time is in decaauts)
 A = Elapsed time spent in this place.
 B = Non-inter-level travel time spent in this place.
 C = Inter-level travel time spent in this place.
 D = Time resting spent in this place.
 E = Time spent auto-exploring this place.
 F = Levels seen in this place.
 G = Mean time per level.
                   A        B        C        D        E       F      G
               +--------+--------+--------+--------+--------+-----+--------+
         Total |  12437 |  11826 |    611 |   1504 |   6211 |  13 |  956.7 |
       Dungeon |  11298 |  10752 |    546 |   1400 |   5625 |  11 | 1027.1 |
          Lair |   1138 |   1074 |     64 |    104 |    586 |   2 |  569.0 |
               +--------+--------+--------+--------+--------+-----+--------+

Top non-repeatable levels by time:
     D:8: 1734 daAuts
     D:5: 1363 daAuts
     D:7: 1349 daAuts
     D:1: 1169 daAuts
     D:4: 1130 daAuts
     D:2: 1078 daAuts
     D:3: 1073 daAuts
     D:6: 945 daAuts
    D:10: 929 daAuts
  Lair:1: 795 daAuts
     D:9: 493 daAuts
  Lair:2: 343 daAuts
    D:11: 31 daAuts
